 Dungeon Crawl Stone Soup version 0.19.1 (console) character file.

120 Jesseh the Chiller (level 5, 0/35 HPs)
             Began as a Merfolk Ice Elementalist on Nov 23, 2016.
             Succumbed to Crazy Yiuf's poison
             ... on level 2 of the Dungeon.
             The game lasted 00:10:44 (2465 turns).

Jesseh the Chiller (Merfolk Ice Elementalist)       Turns: 2465, Time: 00:10:45

Health: 0/35       AC:  4    Str:  8    XL:     5   Next: 4%
Magic:  9/9        EV: 13    Int: 14    God:
Gold:   49         SH:  0    Dex: 16    Spells: 3 memorised, 2 levels left

rFire  + . .     SeeInvis .     l - +0 dagger (venom)
rCold  + . .     Gourm    .     a - +0 robe
rNeg   . . .     Faith    .     (no shield)
rPois  +         Spirit   .     (no helmet)
rElec  +         Reflect  .     (no cloak)
rCorr  +         Harm     .     s - +0 pair of gloves
MR     .....                    w - +0 pair of boots
Stlth  ++........               (no amulet)
                                (no ring)
                                (no ring)

@: lethally poisoned (0 -> -9), resistant
A: change form in water, swift swim, stealthy swim
a: no special abilities


You were on level 2 of the Dungeon.
You were not hungry.

You visited 1 branch of the dungeon, and saw 2 of its levels.

You collected 49 gold pieces.

Inventory:

Hand Weapons
 i - a +0 dagger
   (You found it on level 1 of the Dungeon)
 l - a +0 dagger of venom (weapon)
   (You took it off a goblin on level 1 of the Dungeon)
 v - a +0 spear
   (You found it on level 2 of the Dungeon)
Armour
 a - a +0 robe (worn)
 d - a +0 leather armour
   (You found it on level 2 of the Dungeon)
 m - a +0 ring mail
   (You took it off a goblin on level 1 of the Dungeon)
 s - a +0 pair of gloves (worn)
   (You found it on level 2 of the Dungeon)
 w - a +0 pair of boots (worn)
   (You found it on level 2 of the Dungeon)
Wands
 p - a wand of digging (10/24)
   (You found it on level 2 of the Dungeon)
Scrolls
 f - a scroll of blinking {unknown}
 g - 2 scrolls of identify {unknown}
 q - a scroll of enchant armour {unknown}
 r - 2 scrolls of remove curse {unknown}
Potions
 e - a potion of magic {unknown}
 j - 2 potions of might {unknown}
 k - a potion of berserk rage {unknown}
 n - a potion of heal wounds {unknown}
 o - a potion of resistance
 t - a potion of curing {unknown}
 u - a potion of mutation {unknown}
Books
 b - a book of Frost
Comestibles
 c - a bread ration
 h - a slice of pizza
 x - a chunk of flesh


   Skills:
 - Level 2.6 Dodging
 - Level 2.1 Stealth
 - Level 3.0 Spellcasting
   Level 0.7 Conjurations
 * Level 2.3 Charms
 * Level 1.6 Summonings
 - Level 4.1 Ice Magic


You had 2 spell levels left.
You knew the following spells:

 Your Spells              Type           Power        Failure   Level  Hunger
a - Freeze                Ice            ##..         4%          1    #......
b - Ozocubu's Armour      Chrm/Ice       ##......     17%         3    ###....
c - Summon Ice Beast      Ice/Summ       ##......     71%         4    #####..


Dungeon Overview and Level Annotations

Branches:
Dungeon (2/15)

Altars:
Gozag
Vehumet
The Shining One

Annotations:
D:2 Crazy Yiuf


Message History

You hit the leopard gecko.
The leopard gecko is poisoned.
The leopard gecko bites you.
You closely miss the leopard gecko.
You kill the leopard gecko!
You have reached level 5!
You feel agile.
Okay, then.
The kobold is too close now for your liking.
A bat comes into view.
Aim: a kobold, wielding a whip (resting)
You freeze the kobold.
The kobold shouts!
You kill the kobold!
A goblin comes into view. It is wielding a club.
The bat closely misses you.
You see here a whip.
You barely miss the bat. The bat closely misses you.
The bat completely misses you.
You barely miss the goblin. The bat closely misses you.
The goblin barely misses you.
You hit the goblin. The bat hits you but does no damage. The goblin misses you.
You closely miss the goblin. The bat hits you but does no damage.
The goblin closely misses you.
Aim: a goblin, wielding a club (moderately wounded)
You freeze the goblin.
You kill the goblin!
The bat hits you. The bat hits you but does no damage.
Found a stone staircase leading down.
The bat barely misses you.
You barely miss the bat. The bat closely misses you. The bat hits you.
You barely miss the bat. The bat hits you but does no damage.
You hit the bat. The bat barely misses you. The bat barely misses you.
The bat hits you but does no damage. x2
You hit the bat but do no damage.
The bat is poisoned.
The bat barely misses you.
You kill the bat!
You see here a bat corpse.
You butcher the bat corpse.
x - a chunk of flesh A goblin comes into view.
The goblin shouts!
The goblin wields a hunting sling.
The goblin shoots a stone.
The stone barely misses you.
You see here a stone.
The goblin shoots a stone.
The stone barely misses you.
The goblin shoots a stone.
The stone barely misses you.
The goblin unwields an uncursed hunting sling.
The goblin closely misses you.
You hit the goblin but do no damage. The goblin closely misses you.
You closely miss the goblin.
You are feeling hungry.
The goblin closely misses you.
You barely miss the goblin. The goblin closely misses you.
You hit the goblin.
You kill the goblin!
Things that are here:
an uncursed hunting sling; 23 stones There isn't anything to butcher here.
Eating a chunk of flesh.
You start eating the chunk of flesh.
You see here a stone.
There is a stone staircase leading down here.
There is an open door here.
You open the door.
There is an open door here.
A rat comes into view.
You completely miss the rat. The rat bites you.
You hit the rat.
You kill the rat!
You see here a rat corpse.
You butcher the rat corpse.
x - a chunk of flesh Partly explored, obstructed by runed door.
As you open the door, it creaks loudly!
Crazy Yiuf the Enlightened comes into view.
He is wielding a quarterstaff of chaos.
Crazy Yiuf shouts!
Crazy Yiuf laughs, "Rot pizzabubble sallow!"
Crazy Yiuf waves his quarterstaff at you.
There is an open door here.
You closely miss Crazy Yiuf.
Crazy Yiuf cries, "Whiteboard testudinal action!"
Crazy Yiuf hits you with a quarterstaff of chaos!
You are poisoned.
You barely miss Crazy Yiuf.
You feel sick.
Crazy Yiuf hits you with a quarterstaff of chaos.
Crazy Yiuf burns you.
You hit Crazy Yiuf but do no damage.
Crazy Yiuf is poisoned.
You feel sick.
Crazy Yiuf hits you with a quarterstaff of chaos!
* * * LOW HITPOINT WARNING * * *
Crazy Yiuf burns you.
* * * LOW HITPOINT WARNING * * *
* * * LOW HITPOINT WARNING * * *
You feel sick.
* * * LOW HITPOINT WARNING * * *
You feel sick.
It was a potion of resistance.
You feel protected.
You die...

▒.▒ ▒.▒ ▒.............
▒.▒ ▒.▒ ▒........▒▒▒▒▒
▒.▒ ▒▒▒ ▒▒▒▒▒▒...▒ ▒
▒.▒ ▒▒▒▒▒▒▒▒▒ ▒.▒ ▒...
▒.▒▒▒♣♣ ▒▒▒▒ ▒...
▒.....♣♣ ♣♣▒..)▒ ▒...
▒......♣♣♣♣.g...▒ ▒...
▒▒......♣.m♣▒...▒
▒▒▒▒▒▒▒▒▒ ▒▒....♣.♣♣♣
▒▒▒▒ ▒.......▒
▒▒▒♣♣♣♣♣ ▒.......▒
▒.......▒
▒▒▒▒▒▒▒▒▒▒▒▒▒▒.......▒
▒....+...'............
▒....▒▒▒▒▒...........▒
▒....'...'...........▒
▒....▒▒▒▒▒...........▒


You could see Crazy Yiuf.

Vanquished Creatures
  Natasha (twice) (D:2)
  3 adders (D:2)
  2 worms (D:2)
  2 dart slugs
  2 leopard geckos (D:2)
  5 bats
  A giant cockroach (D:2)
  6 goblins
  2 hobgoblins
  2 jackals (D:1)
  2 frilled lizards
  4 kobolds
  2 rats
35 creatures vanquished.

Notes
Turn   | Place    | Note
-------+----------+-------------------------------------------
     0 | D:1      | Jesseh the Merfolk Ice Elementalist began the quest for the Orb.
     0 | D:1      | Reached XP level 1. HP: 13/13 MP: 3/3
   139 | D:1      | HP: 3/13 [kobold/whip (1)]
   140 | D:1      | Reached XP level 2. HP: 5/19 MP: 0/5
   943 | D:1      | Found a glowing golden altar of the Shining One.
  1195 | D:2      | Reached skill level 3 in Spellcasting
  1195 | D:2      | Reached XP level 3. HP: 15/24 MP: 2/7
  1203 | D:2      | Learned a level 3 spell: Ozocubu's Armour
  1307 | D:2      | HP: 6/24 [poisoned by an adder]
  1676 | D:2      | Noticed Natasha
  1684 | D:2      | Killed Natasha
  1684 | D:2      | Reached skill level 1 in Charms
  1684 | D:2      | Reached skill level 4 in Ice Magic
  1684 | D:2      | Reached XP level 4. HP: 16/30 MP: 4/8
  1692 | D:2      | Learned a level 4 spell: Summon Ice Beast
  1808 | D:2      | Noticed Natasha
  1818 | D:2      | Killed Natasha
  1818 | D:2      | Reached skill level 2 in Charms
  1818 | D:2      | Reached skill level 1 in Summonings
  2040 | D:2      | Found an opulent altar of Gozag.
  2040 | D:2      | Found a radiant altar of Vehumet.
  2165 | D:2      | Reached XP level 5. HP: 34/35 MP: 5/9
  2388 | D:2      | Found a runed door.
  2458 | D:2      | Noticed Crazy Yiuf
  2462 | D:2      | HP: 6/35 [Crazy Yiuf/quarterstaff of chaos (11)]
  2463 | D:2      | HP: 2/35 [poisoned by Crazy Yiuf]
  2465 | D:2      | Succumbed to Crazy Yiuf's poison

Skill      XL: |  1  2  3  4 |
---------------+-------------+-----
Spellcasting   | 3 |  3.0
Charms         | 1 2 |  2.3
Ice Magic      | 4 |  4.1
Summonings     | 1 |  1.6
Dodging        | |  2.6
Stealth        | |  2.1
Conjurations   | |  0.7

Action                   |  1- 3 |  4- 6 || total
-------------------------+-------+-------++-------
Melee: Unarmed           |     6 |       ||     6
       Dagger            |    44 |    42 ||    86
 Cast: Freeze            |    31 |    10 ||    41
  Use: Potion            |       |     1 ||     1
 Stab: Sleeping          |       |     3 ||     3
  Eat: Chunk             |     2 |     3 ||     5
Armor: Robe              |    10 |    11 ||    21
Dodge: Dodged            |    55 |    44 ||    99

Vault maps used:
D:1:      lightli_arrival_noodles, tso_metal_star
D:2:      gammafunk_temple_overflow_wave, kennysheep_generic_room_4,
          uniq_natasha, uniq_crazy_yiuf_cottage

Table legend:
 A = Turns spent in this place as a percentage of turns spent in the entire game.
 B = Non-inter-level travel turns spent in this place as a percentage of non-inter-level travel turns spent in the entire game.
 C = Inter-level travel turns spent in this place as a percentage of turns spent in this place.
 D = Turns resting spent in this place as a percentage of non-inter-level travel turns spent in this place.
 E = Turns spent auto-exploring this place as a percentage of non-inter-level travel turns spent in this place.
 F = Non-inter-level travel turns spent in this place divided by the number of levels of this place that you've seen.
                   A       B       C       D       E      F
               +-------+-------+-------+-------+-------+----------------------
         Total | 100.0 | 100.0 |   0.6 |   4.0 |   9.5 | 236.0
       Dungeon | 100.0 | 100.0 |   0.6 |   4.0 |   9.5 | 236.0
               +-------+-------+-------+-------+-------+----------------------

Table legend:
 A = Kills in this place as a percentage of kills in entire the game.
 B = Kills by you in this place as a percentage of kills by you in the entire game.
 C = Kills by friends in this place as a percentage of kills by friends in the entire game.
 D = Other kills in this place as a percentage of other kills in the entire game.
 E = Experience gained in this place as a percentage of experience gained in the entire game.
 F = Experience gained in this place divided by the number of levels of this place that you have seen.
                   A       B       C       D       E      F
               +-------+-------+-------+-------+-------+----------------------
         Total | 100.0 | 100.0 |  -nan |  -nan | 100.0 |  86.0
       Dungeon | 100.0 | 100.0 |  -nan |  -nan | 100.0 |  86.0
               +-------+-------+-------+-------+-------+----------------------
